 Dungeon Crawl Stone Soup version 0.25.1-2-g60ff931df9 (webtiles) character file.

Game seed: 1620255175040189115

264 sahdkjhfkaj the Ruffian (level 5, 0/54 HPs)
             Began as a Troll Monk on Sept 27, 2020.
             Killed from afar by Pikel (4 damage)
             ... with a puff of flame
             ... on level 4 of the Dungeon.
             The game lasted 00:04:37 (3368 turns).

sahdkjhfkaj the Ruffian (Troll Monk)                Turns: 3368, Time: 00:04:38

Health: 0/54       AC:  8    Str: 20    XL:     5   Next: 98%
Magic:  4/4        EV: 10    Int:  6    God:
Gold:   88         SH:  0    Dex: 12    Spells: 4/4 levels left

rFire    . . .     SeeInvis .     - Unarmed
rCold    + . .     Gourm    +   (no shield)
rNeg     . . .     Faith    .   m - +2 robe {rC+}
rPois    .         Spirit   .   (helmet restricted)
rElec    .         Reflect  .   (no cloak)
rCorr    .         Harm     .   (gloves unavailable)
MR       .....                  (boots unavailable)
Stlth    ++........             (no amulet)
HPRegen  0.58/turn              (no ring)
MPRegen  0.09/turn              (no ring)

@: no status effects
A: large, unfitting armour, claws 3, fast metabolism 3, gourmand, regeneration
1, shaggy fur 1, tough skin 3
a: no special abilities


You were on level 4 of the Dungeon.
You were completely stuffed.

You visited 1 branch of the dungeon, and saw 4 of its levels.

You collected 88 gold pieces.

Inventory:

Armour
 m - a +2 robe of cold resistance (worn)
Jewellery
 d - an uncursed amulet of guardian spirit {unknown}
 f - a +6 ring of strength {unknown}
 n - an uncursed amulet of the acrobat {unknown}
Scrolls
 i - a scroll of blinking {unknown}
 j - a scroll of immolation {unknown}
 k - 2 scrolls of enchant weapon
 l - a scroll of identify {unknown}
 o - a scroll of enchant armour {unknown}
 p - a scroll of remove curse {unknown}
Potions
 c - 3 potions of stabbing
 e - 2 potions of magic
 h - a potion of invisibility
Comestibles
 a - 3 chunks of flesh
 b - 5 rations


   Skills:
 - Level 4.0 Fighting
 - Level 2.4 Dodging
 - Level 1.0 Stealth
 + Level 5.5 Unarmed Combat


You had 4 spell levels left.
You didn't know any spells.
Your spell library was empty.

Dungeon Overview and Level Annotations

Branches:
Dungeon (4/15)
 Temple: D:4-7

Altars:
Qazlal

Annotations:
D:4 Pikel


Innate Abilities, Weirdness & Mutations

You are too large for most types of armour.
You have claws for hands.
Your metabolism is lightning-fast.
You like to eat raw meat.
Your natural rate of healing is unusually fast.
You are covered in fur. (AC +1)
You have extremely tough skin. (AC +3)


Message History

Pikel is moderately wounded.
Pikel closely misses you.
You barely miss Pikel. Your claw misses Pikel.
Pikel is moderately wounded.
Pikel zaps a wand.
The puff of flame hits you.
* * * LOW HITPOINT WARNING * * *
It was a potion of magic.
Magic courses through your body.
Pikel hits you with a +0 whip of electrocution.
* * * LOW HITPOINT WARNING * * *
You are electrocuted!
* * * LOW HITPOINT WARNING * * *
Okay, then.
Unknown command.
Unknown command.
Pikel cracks his whip.
Pikel says, "You'll feel the lick of my whip!"
Pikel looks more healthy.
Pikel zaps a wand.
The puff of flame hits you but does no damage.
Pikel zaps a wand.
The puff of flame hits you.
You die...

####.....#.#
#...###########..#
#####...##.# #.###
#... #..........#
#.# #.##
...........# #.#
#.# ###.##.##.##
#.# #.# #
#....##.# #.# #.#
###.#####.# #.#
#.# ....# #.# #.#
#.# #.### ..# #@#
#.# #.# .## #.#
#.#### . #.#
#....# #. #K#
#..#.# #p# ##...#
#p# ###.## #p#
....# #.# #####
#.#


You could see Pikel and 3 slaves.

Vanquished Creatures
  A slave (D:4)
  An ogre (D:4)
  5 adders
  2 gnolls (D:2)
  5 dart slugs
  3 leopard geckos
  13 orcs
  2 ball pythons
  10 bats
  5 giant cockroaches
  11 goblins
  9 hobgoblins
  5 quokkas (D:2)
  7 frilled lizards
  8 kobolds
  4 rats
  A plant (D:2)
92 creatures vanquished.

Notes
Turn   | Place    | Note
-------+----------+-------------------------------------------
     0 | D:1      | sahdkjhfkaj the Troll Monk began the quest for the Orb.
     0 | D:1      | Reached XP level 1. HP: 22/22 MP: 0/0
    77 | D:1      | Reached XP level 2. HP: 28/29 MP: 1/1
   242 | D:1      | Reached skill level 4 in Unarmed Combat
   274 | D:1      | Reached XP level 3. HP: 34/36 MP: 2/2
   855 | D:2      | Reached XP level 4. HP: 36/45 MP: 3/3
   881 | D:2      | Found a stormy altar of Qazlal.
  2305 | D:2      | HP: 2/45 [orc/+0 short sword (3)]
  2329 | D:2      | Reached skill level 5 in Unarmed Combat
  2622 | D:3      | Reached XP level 5. HP: 42/53 MP: 4/4
  3109 | D:4      | Noticed an ogre
  3118 | D:4      | Killed an ogre
  3331 | D:4      | Noticed a slave
  3333 | D:4      | Noticed Pikel
  3333 | D:4      | Noticed a slave
  3334 | D:4      | Noticed a slave
  3335 | D:4      | Noticed a slave
  3340 | D:4      | Killed a slave
  3363 | D:4      | HP: 1/54 [Pikel/+0 whip of electrocution (11)]
  3368 | D:4      | Killed from afar by Pikel

Illustrated notes

Levels and vault maps discovered:
D:1:      nzn_arrival_depleted_hourglass, layout_rooms, serial_corexii_hall,
          corexii_hall_statues_u, corexii_hall_statues_l, minmay_tromino_v4_c
D:2:      wad_woods_stonehenge, layout_loops_ring, st_stairs_6,
          serial_park_tiny_pond, minmay_misc_feat_ornament
D:3:      layout_basic
D:4:      layout_loops_ring, uniq_pikel

Skill      XL: |  1  2  3  4  5 |
---------------+----------------+-----
Unarmed Combat | 4 5 |  5.5
Fighting       | 3 4 |  4.0
Dodging        | |  2.4
Stealth        | |  1.0

Action                   |  1- 3 |  4- 6 || total
-------------------------+-------+-------++-------
Melee: Unarmed           |    84 |   135 ||   219
       Punch             |       |     1 ||     1
Throw: Dart              |       |     9 ||     9
  Use: Potion            |       |     4 ||     4
       Scroll            |       |     3 ||     3
 Stab: Sleeping          |     1 |     3 ||     4
  Eat: Chunk             |    13 |    20 ||    33
       Ration            |       |     1 ||     1
Armor: Robe              |    35 |    52 ||    87
Dodge: Dodged            |    49 |    67 ||   116
